 Dungeon Crawl Stone Soup version 0.28-a0-60-g54b5640690 (webtiles) character file.

Game seed: 14735983313695831890

171 pkoi the Chucker (level 5, -2/41 HPs)
             Began as a Draconian Gladiator on July 30, 2021.
             Slain by a gnoll (5 damage)
             ... on level 3 of the Dungeon.
             The game lasted 00:04:01 (3981 turns).

pkoi the Chucker (Draconian Gladiator)              Turns: 3981, Time: 00:04:02

Health: -2/41      AC:  7    Str: 16    XL:     5   Next: 26%
Magic:  5/5        EV: 12    Int: 10    God:
Gold:   128        SH:  0    Dex: 12    Spells: 4/4 levels left

rFire   . . .      SeeInvis .     - Unarmed
rCold   . . .      Faith    .   (no shield)
rNeg    . . .      Spirit   .   (armour unavailable)
rPois   .          Reflect  .   a - +1 hat
rElec   .          Harm     .   (no cloak)
rCorr   .          Rampage  .   (no gloves)
Will    .....                   c - +0 pair of boots
Stlth   +.........              (no amulet)
HPRegen 0.13/turn               (no ring)
MPRegen 0.09/turn               (no ring)

@: no status effects
A: AC +5, unfitting armour, cold-blooded
a: no special abilities


You were on level 3 of the Dungeon.
You visited 1 branch of the dungeon, and saw 3 of its levels.

You collected 128 gold pieces.

Inventory:

Missiles
 b - 3 throwing nets (quivered)
Armour
 a - a +1 hat (worn)
 c - a +0 pair of boots (worn)
Jewellery
 f - an amulet of faith
Wands
 i - a wand of polymorph (6)
Scrolls
 e - a scroll of blinking
 g - a scroll of identify
 l - a scroll of fog
Potions
 d - 4 potions of heal wounds {unknown}
 h - a potion of attraction
 k - a potion of berserk rage {unknown}
 n - 2 potions of degeneration {unknown}
 o - a potion of flight {unknown}


   Skills:
 - Level 2.1 Fighting
 + Level 5.1 Throwing
 - Level 2.6 Dodging
 - Level 3.0 Unarmed Combat


You had 4 spell levels left.
You didn't know any spells.
Your spell library contained the following spells:

 Spells                   Type           Power      Damage    Failure   Level
 Summon Small Mammal      Summ           0%         N/A       36%         1
 Call Canine Familiar     Summ           0%         N/A       75%         3
 Summon Guardian Golem    Hex/Summ       0%         N/A       75%         3


Dungeon Overview and Level Annotations

Branches:
Dungeon (3/15)

Altars:
Sif Muna

Shops:
D:1 (

Annotations:
D:3 2 transporters, bande's ghost, amateur GrFi


Innate Abilities, Weirdness & Mutations

Your plain brown scales are hard. (AC +5)
You cannot fit into any form of body armour.
You are cold-blooded and may be slowed by cold attacks.


Message History

The gnoll hits you with a +0 halberd!
You hit the gnoll.
You kill the gnoll!
A gnoll comes into view. It is wielding a +0 flail.
The gnoll shouts!
The gnoll barely misses you.
You see here a +0 halberd.
You barely miss the gnoll. The gnoll hits you with a +0 flail.
You hit the gnoll.
The gnoll is moderately wounded.
The gnoll hits you with a +0 flail!
You are too injured to fight recklessly!
You are too injured to fight recklessly!
You are too injured to fight recklessly!
You are too injured to fight recklessly!
You are too injured to fight recklessly!
You are too injured to fight recklessly!
You are too injured to fight recklessly!
You barely miss the gnoll.
You tail-slap the gnoll, but do no damage.
The gnoll is moderately wounded.
The gnoll barely misses you.
You hit the gnoll. You tail-slap the gnoll.
The gnoll is severely wounded.
The gnoll hits you with a +0 flail.
You closely miss the gnoll.
The gnoll is severely wounded.
The gnoll hits you with a +0 flail.
* * * LOW HITPOINT WARNING * * *
You closely miss the gnoll.
The gnoll is severely wounded.
The gnoll closely misses you.
You hit the gnoll but do no damage.
Your tail-slap misses the gnoll.
The gnoll is severely wounded.
The gnoll hits you with a +0 flail.
* * * LOW HITPOINT WARNING * * *
You hit the gnoll but do no damage.
The gnoll is severely wounded.
The gnoll hits you with a +0 flail.
You die...

..'.._..'.####.#.#*#,#....##.####
..#.....#.####.#..,,,#.#..##.####
..#.♣♣♣.#......#.#***#.##.###....
.##.....########.## #.##......<#
.##'###'#.........* #.##.###.#.#
.#..###..####.##.#* #..........#
.........####.##.#######..##..#.#
)..#........#..g....# #......#.#
...'....)......#@#.## #......#.#
#.##...........#.#.# #......#.#
#.##.##'#......#.#.## ##.###.#.#
#.......#.###'##....# ###.# #.#.#
#.##.####.#....###..###...###.#.#
#.##.####.#..<.#.......##.....#.#
#..#......#....#.......'......#.#
#©....#####....#..<....#..#####.#
#..............###'###.#.#.# #.#


You could see a gnoll.

Vanquished Creatures
  Terence (D:3)
  Jessica (D:3)
  An iguana (D:3)
  2 gnolls
  5 dart slugs
  An orc (D:3)
  2 ball pythons
  7 bats
  7 endoplasms
  2 giant cockroaches
  4 goblins
  5 hobgoblins
  3 jackals (D:2)
  5 quokkas (D:1)
  3 frilled lizards
  6 kobolds
  9 rats
64 creatures vanquished.

Notes
Turn   | Place    | Note
-------+----------+-------------------------------------------
     0 | D:1      | pkoi the Draconian Gladiator began the quest for the Orb.
     0 | D:1      | Reached XP level 1. HP: 17/17 MP: 1/1
    41 | D:1      | Reached skill level 2 in Throwing
   353 | D:1      | Reached XP level 2. HP: 24/24 MP: 2/2
   482 | D:1      | Found Alianeen's Antique Weapon Shoppe.
   638 | D:1      | Reached skill level 3 in Throwing
   638 | D:1      | Reached XP level 3. HP: 17/29 MP: 3/3
   962 | D:1      | Found a faded altar of an unknown god.
  2342 | D:2      | Reached XP level 4. HP: 36/36 MP: 4/4
  2383 | D:2      | Reached skill level 4 in Throwing
  2797 | D:3      | Found a shimmering blue altar of Sif Muna.
  2842 | D:3      | Noticed Jessica
  2860 | D:3      | Killed Jessica
  3039 | D:3      | Found a transporter.
  3041 | D:3      | Noticed bande's ghost (amateur GrFi)
  3043 | D:3      | Found a transporter.
  3171 | D:3      | Noticed Terence
  3190 | D:3      | Killed Terence
  3191 | D:3      | Reached XP level 5. HP: 6/41 MP: 5/5
  3752 | D:3      | Reached skill level 5 in Throwing
  3981 | D:3      | Slain by a gnoll

Illustrated notes

Levels and vault maps discovered:
D:1:      lightli_arrival_quake, layout_loops_ring,
          hellmonk_ecumenical_altar_blasted, serial_shops, nicolae_shop_trees,
          minmay_close_crescents
D:2:      layout_loops_cross, minmay_split_cup_large
D:3:      layout_basic, mainiacjoe_overflow_six_doors_small,
          gammafunk_ghost_mausoleum, ebering_dispersal_statue_hall,
          uniq_terence, uniq_jessica

Skill      XL: |  1  2  3  4  5 |
---------------+----------------+-----
Throwing       | 2 3 4 5 |  5.1
Fighting       | |  2.1
Dodging        | |  2.6
Unarmed Combat | |  3.0

Action                   |  1- 3 |  4- 6 || total
-------------------------+-------+-------++-------
Melee: Unarmed           |   141 |    91 ||   232
       Tailslap          |    23 |    16 ||    39
       Punch             |     1 |     1 ||     2
  Use: Scroll            |     4 |     4 ||     8
       Potion            |       |     1 ||     1
 Stab: Sleeping          |     2 |       ||     2
Armor: Skin              |    39 |    26 ||    65
Dodge: Dodged            |    92 |    51 ||   143

Table legend: (Time is in decaauts)
 A = Elapsed time spent in this place.
 B = Non-inter-level travel time spent in this place.
 C = Inter-level travel time spent in this place.
 D = Time resting spent in this place.
 E = Time spent auto-exploring this place.
 F = Levels seen in this place.
 G = Mean time per level.
                   A        B        C        D        E       F      G
               +--------+--------+--------+--------+--------+-----+--------+
         Total |   3975 |   3849 |    126 |   1022 |   2348 |   3 | 1325.0 |
       Dungeon |   3975 |   3849 |    126 |   1022 |   2348 |   3 | 1325.0 |
               +--------+--------+--------+--------+--------+-----+--------+

Top non-repeatable levels by time:
     D:1: 1702 daAuts
     D:3: 1371 daAuts
     D:2: 902 daAuts
